 Dungeon Crawl Stone Soup version 0.30-a0-743-gbfdf073431 (webtiles) character file.

Game seed: 9777263650055836387

8371 browni3141 the Cleaver (level 11, 0/75 HPs)
             Began as a Mummy Cinder Acolyte on Feb 6, 2023.
             Was a Believer of Ignis.
             Slain by a kobold brigand
             ... wielding a +2 short sword of freezing
              (4 damage)
             ... on level 10 of the Dungeon.
             The game lasted 00:28:56 (10178 turns).

browni3141 the Cleaver (Mummy Cinder Acolyte)      Turns: 10178, Time: 00:28:57

Health: 0/75       AC: 12    Str: 21    XL:     11   Next: 9%
Magic:  0/17       EV: 10    Int: 14    God:    Ignis [**....]
Gold:   669        SH:  4    Dex:  8    Spells: 16/18 levels left

rFire   + . .      SeeInvis .    o - +12 hand axe of Lauckoci {freeze, rCorr}
rCold   + + .      Faith    +    K - +0 buckler
rNeg    + + +      Spirit   +    v - +2 ring mail {Will+}
rPois   ∞          Reflect  .    y - +0 helmet
rElec   .          Harm     .    F - +0 cloak
rCorr   +          Rampage  .    (no gloves)
Will    ++...                    N - +2 pair of boots Stlth
                                 h - amulet of guardian spirit
HPRegen 0.32/turn                A - ring of protection from cold
MPRegen 0.15/turn                C - ring of protection from fire

@: no status effects
A: cold resistance 1, negative energy resistance 3, torment resistance 2, heat
vulnerability 1, in touch with death 1, no potions, faith
a: Renounce Religion, Fiery Armour, Foxfire Swarm, Rising Flame


You were on level 10 of the Dungeon.
You worshipped Ignis.
Ignis was pleased with you.
You visited 1 branch of the dungeon, and saw 10 of its levels.
You also visited: Sewer and Ossuary.

You collected 669 gold pieces.

Inventory:

Hand Weapons
 a - a -1 falchion of flaming
 g - a +0 hand axe
 i - a +0 spear
 j - a +2 spear of flaming
 o - the +12 hand axe of Lauckoci (weapon) {freeze, rCorr}
   (You found it on level 4 of the Dungeon)

   rCorr:     It protects you from acid and corrosion.
 p - a +0 trident
 u - a +0 halberd
 z - the +3 hand axe of Zoymp {antimagic, rC+ Str+2 Int-2 Stlth+}
   (You found it on level 3 of the Dungeon)

   Str:       It affects your strength (+2).
   Int:       It affects your intelligence (-2).
   rC:        It protects you from cold.
   Stlth:     It makes you more stealthy.
 G - a +3 halberd of freezing
Missiles
 q - a throwing net
 r - 56 poisoned darts
 s - 2 javelins
 I - a curare-tipped dart
 J - 2 atropa-tipped darts
Armour
 b - a +0 robe
 t - a +0 ring mail
 v - a +2 ring mail of willpower (worn)
 y - a +0 helmet (worn)
 F - a +0 cloak (worn)
 K - a +0 buckler (worn)
 N - a +2 pair of boots (worn)
Jewellery
 h - an amulet of guardian spirit (around neck)
 k - an amulet of magic regeneration
 n - an amulet of the acrobat
 A - a ring of protection from cold (left hand)
 C - a ring of protection from fire (right hand)
 L - a ring of magical power
Wands
 x - a wand of paralysis (13)
 D - a wand of mindburst (23)
Scrolls
 c - 6 scrolls of identify
 d - 5 scrolls of poison
 e - 6 scrolls of teleportation
 f - 3 scrolls of amnesia
 l - a scroll of silence
 m - 4 scrolls of enchant weapon
 w - 3 scrolls of vulnerability
 B - 4 scrolls of magic mapping
 E - 2 scrolls of torment
 H - 2 scrolls of fog
 M - a scroll of immolation
 O - a scroll of enchant armour {unknown}


   Skills:
 - Level 3.0 Fighting
 - Level 3.4 Long Blades
 * Level 10.3(10.8) Axes
 - Level 5.0(8.3) Polearms
 - Level 5.0 Shields
 - Level 4.0 Spellcasting
 - Level 4.0 Fire Magic
 - Level 5.0 Evocations


You had 16 spell levels left.
You knew the following spells:

 Your Spells              Type           Power      Damage    Failure   Level
a - Scorch                Fire           28%        2d6       12%         2

Your spell library contained the following spells:

 Spells                   Type           Power      Damage    Failure   Level
 Summon Small Mammal      Summ           8%         N/A       38%         1
 Cigotuvi's Dreadful Rot  Necr/Pois/Air  8%         N/A       52%         2
 Poisonous Vapours        Pois/Air       4%         N/A       52%         2
 Call Canine Familiar     Summ           2%         N/A       77%         3
 Mephitic Cloud           Conj/Pois/Air  2%         N/A       77%         3
 Summon Guardian Golem    Hex/Summ       2%         N/A       77%         3


Dungeon Overview and Level Annotations

Branches:
Dungeon (10/15)            Temple (0/1) D:4            Lair (0/5) D:10
    Orc (0/2) D:9           Sewer (visited)         Ossuary (visited)

Altars:
Dithmenos
Nemelex Xobeh
Okawaru
Qazlal
Uskayaw
Yredelemnul

Shops:
D:2 !

Annotations:
D:2 1 runed translucent door, Crazy Yiuf
D:9 2 transporters, exclusion: downstairs, holysushi's ghost, journeyman OpCj


Innate Abilities, Weirdness & Mutations

You are immune to poison.
Your flesh is cold resistant. (rC+)
You are immune to negative energy. (rN+++)
You are immune to unholy pain and torment.
You are vulnerable to heat. (rF-)
You are in touch with the powers of death.
You do not drink.
You have a special connection with the divine. (Faith)


Message History

Okay, then.
Unknown command.
Aiming: Mindburst
Press: ? - help, Shift-Dir - straight line, f - two-headed ogre
Aim: a two-headed ogre, wielding a +0 giant spiked club and a +0 dire flail (severely wounded, chance to affect: 67%)
Okay, then.
You hit the two-headed ogre. You freeze the two-headed ogre.
The two-headed ogre is severely wounded.
The gnoll sergeant barely misses you.
You barely miss the two-headed ogre.
The two-headed ogre is severely wounded.
You slash the kobold! You freeze the kobold.
You kill the kobold!
You block the gnoll sergeant's attack.
The two-headed ogre closely misses you. x2
The kobold brigand throws a curare-tipped dart.
The curare-tipped dart hits you.
You slash the two-headed ogre! You freeze the two-headed ogre.
The two-headed ogre is almost dead.
The gnoll sergeant misses you.
The kobold brigand throws a curare-tipped dart.
The curare-tipped dart hits you.
You slash the two-headed ogre! You freeze the two-headed ogre.
You kill the two-headed ogre!
The gnoll sergeant hits you from afar with a +0 trident!
* * * LOW HITPOINT WARNING * * *
Press: ? - help, v - describe, . - travel
Here: a gnoll sergeant, wielding a +0 trident and wearing a +0 ring mail The floor.
Unknown command.
Unknown command.
Activating: Foxfire Swarm
Press: ? - help, Dir - look around, f - activate Flames leap up around you!
The gnoll sergeant hits you from afar with a +0 trident.
* * * LOW HITPOINT WARNING * * *
The kobold brigand barely misses you.
Your foxfire dissipates!
The kobold brigand attacks as you move away!
The kobold brigand hits you with a +2 short sword of freezing.
You die...

.###.....>.....###############.).
........g....................#...
...........P.................#...
.....#.......#...............#...
.....#.......#...............#...
.....##.....##...............#...
.....###...###vvvvv..........#...
..............vvvKv..........#...
.........#....vv@vg..........#...
..########....v.vvv..........####
.. .....vvvvv.............. ..
......./................
........................
#####.#############..... #.
#...## #. #..... #.$...


You could see a kobold brigand (ally target) and a gnoll sergeant (ally target).

Vanquished Creatures
  Erica (D:8)
  A two-headed ogre (D:10)
  A cyclops (D:7)
  A gargoyle (D:8)
  Psyche (D:9)
  Grinder (Sewer)
  A troll (D:7)
  A wraith (D:9)
  Edmund (D:5)
  2 wargs (D:10)
  Duvessa (D:4)
  A water moccasin (D:8)
  2 orc warriors
  An ogre (D:4)
  4 ice beasts
  3 black bears
  4 sky beasts
  4 centaurs
  3 phantoms
  3 kobold brigands
  A bullfrog (D:7)
  6 necrophages
  3 scorpions
  2 gnoll sergeants
  7 wights
  Dowan (D:4)
  13 killer bees
  2 jellies
  A gnoll bouda (D:7)
  3 centaur zombies (Ossuary)
  2 orc priests
  5 bullfrog zombies (Ossuary)
  2 hounds
  Jessica (D:3)
  6 iguanas
  11 orc wizards
  2 ogre zombies (Ossuary)
  23 gnolls
  10 adders
  A river rat (D:5)
  6 shadow imps
  2 white imps (D:7)
  3 ufetubi
  4 adder zombies
  A worm (D:5)
  5 dart slugs
  27 orcs
  9 ball pythons
  9 bats
  7 endoplasms
  5 giant cockroaches
  A gnoll zombie (Ossuary)
  6 goblins
  5 hobgoblins
  4 jackals (D:1)
  27 kobolds
  2 quokkas
  A frilled lizard (D:1)
  A giant cockroach zombie (Sewer)
  2 goblin zombies (Ossuary)
  4 hobgoblin zombies (Ossuary)
  2 kobold zombies (Sewer)
  6 orc zombies (Ossuary)
  5 rats
283 creatures vanquished.

Vanquished Creatures (others)
  29 foxfires
  A plant (D:10)
30 creatures vanquished.

Grand Total: 313 creatures vanquished

Notes
Turn   | Place    | Note
-------+----------+-------------------------------------------
     0 | D:1      | browni3141 the Mummy Cinder Acolyte began the quest for the
                  | Orb.
     0 | D:1      | Reached XP level 1. HP: 18/18 MP: 2/2
   177 | D:1      | Reached XP level 2. HP: 24/24 MP: 4/4
   597 | D:1      | Gained mutation: You are in touch with the powers of death.
                  | [Mummy growth]
   597 | D:1      | Reached XP level 3. HP: 28/29 MP: 5/5
   886 | D:2      | Learned a level 2 spell: Scorch
   972 | D:2      | Found a faded altar of an unknown god.
  1024 | D:2      | Found Eghyev's Distillery.
  1135 | D:2      | Reached XP level 4. HP: 28/35 MP: 6/6
  1220 | D:2      | Reached skill level 1 in Polearms
  1362 | D:2      | Found a runed translucent door.
  1363 | D:2      | Noticed Crazy Yiuf
  1796 | D:3      | Found a shadowy altar of Dithmenos.
  1861 | D:3      | Noticed a scorpion
  1894 | D:3      | Killed a scorpion
  1895 | D:3      | Reached XP level 5. HP: 10/41 MP: 0/9
  2022 | D:3      | Identified the +3 hand axe of Zoymp {antimagic, rC+ Str+2
                  | Int-2 Stlth+}
  2123 | D:3      | Found an iron altar of Okawaru.
  2123 | D:3      | Found a basalt altar of Yredelemnul.
  2165 | D:3      | Noticed Jessica
  2180 | D:3      | Killed Jessica
  2652 | D:4      | Noticed a phantom
  2671 | D:4      | Killed a phantom
  2672 | D:4      | Reached XP level 6. HP: 23/47 MP: 0/11
  2957 | D:4      | Identified the +12 hand axe of Lauckoci {freeze, rCorr}
  2993 | D:4      | Reached XP level 7. HP: 23/52 MP: 6/13
  3470 | D:4      | Noticed Dowan
  3470 | D:4      | Noticed Duvessa
  3479 | D:4      | Killed Dowan
  3484 | D:4      | Killed Duvessa
  3485 | D:4      | Reached skill level 5 in Polearms
  3562 | D:4      | Found a staircase to the Ecumenical Temple.
  3607 | D:4      | Reached skill level 1 in Axes
  4086 | D:5      | Entered Level 5 of the Dungeon
  4100 | D:5      | Found a stormy altar of Qazlal.
  4159 | D:5      | Noticed Edmund
  4167 | D:5      | Killed Edmund
  4168 | D:5      | Reached skill level 2 in Axes
  4168 | D:5      | Reached XP level 8. HP: 50/58 MP: 10/14
  4212 | D:5      | Reached skill level 3 in Axes
  4367 | D:5      | Found a glowing drain.
  4372 | Sewer    | Entered a sewer
  4437 | Sewer    | Reached skill level 4 in Axes
  4469 | Sewer    | Found an ancient bone altar of Kikubaaqudgha.
  4589 | Sewer    | Noticed Grinder
  4595 | Sewer    | Killed Grinder
  4596 | Sewer    | Reached skill level 5 in Axes
  4737 | D:5      | Reached skill level 6 in Axes
  4755 | D:5      | Found a hide-covered altar of Uskayaw.
  5620 | D:6      | Found a sand-covered staircase.
  5632 | Ossuary  | Entered an ossuary
  5672 | Ossuary  | Reached XP level 9. HP: 60/63 MP: 13/15
  5727 | Ossuary  | Reached skill level 1 in Evocations
  5787 | Ossuary  | Noticed a silent spectre
  6171 | D:6      | Reached skill level 7 in Axes
  6883 | D:7      | Noticed a troll
  6891 | D:7      | Killed a troll
  6897 | D:7      | Reached skill level 8 in Axes
  7326 | D:7      | Noticed a cyclops
  7329 | D:7      | Reached XP level 10. HP: 70/70 MP: 16/16
  7338 | D:7      | Killed a cyclops
  7339 | D:7      | Reached skill level 5 in Evocations
  7357 | D:7      | Reached skill level 9 in Axes
  7917 | D:8      | Noticed Erica
  7928 | D:8      | Killed Erica
  7929 | D:8      | Reached skill level 1 in Shields
  8742 | D:8      | Noticed a gargoyle
  8762 | D:8      | Killed a gargoyle
  8955 | D:9      | Found a sparkling altar of Nemelex Xobeh.
  9003 | D:9      | Found a staircase to the Orcish Mines.
  9004 | D:9      | Noticed Psyche
  9016 | D:9      | Killed Psyche
  9236 | D:9      | Reached skill level 5 in Shields
  9333 | D:9      | Found a transporter.
  9336 | D:9      | Noticed a two-headed ogre
  9336 | D:9      | Noticed a two-headed ogre
  9337 | D:9      | Identified the +4 great mace of Fear {flame, Will++}
  9337 | D:9      | Identified the +8 giant spiked club "Kees" {flame, Fragile
                  | rPois Str+7 Stlth-}
  9337 | D:9      | Noticed a two-headed ogre
  9338 | D:9      | Noticed a two-headed ogre
  9338 | D:9      | Noticed holysushi's ghost (journeyman OpCj)
  9340 | D:9      | Noticed a two-headed ogre
  9344 | D:9      | Found a transporter.
  9635 | D:10     | Entered Level 10 of the Dungeon
  9779 | D:10     | Found a staircase to the Lair.
  9825 | D:10     | Reached skill level 10 in Axes
  9825 | D:10     | Reached XP level 11. HP: 38/75 MP: 9/17
 10018 | D:10     | Noticed a two-headed ogre
 10176 | D:10     | Killed a two-headed ogre
 10178 | D:10     | Slain by a kobold brigand

Illustrated notes

Levels and vault maps discovered:
D:1:      wander_arrival_desolate, layout_loops_ring, minmay_pentomino_v4
D:2:      layout_basic, serial_shops, nicolae_lakefront_shop,
          ebering_ecumenical_altar_sacrificial, uniq_crazy_yiuf_cottage
D:3:      layout_basic, gammafunk_temple_overflow_claw,
          nicolae_dithmenos_through_a_glass_darkly, minivault_25, minivault_23,
          uniq_jessica
D:4:      layout_rooms, minmay_temple_entry_nine_rooms, uniq_duvessa
D:5:      nicolae_cairo_tiling_very_big, layout_loops_ring, tso_altar,
          nicolae_uskayaw_suspiria, grunt_qazlal_clouds, serial_rivers,
          chequers_serial_rivers_micro_c, chequers_serial_rivers_room_b,
          chequers_serial_rivers_large_b, chequers_serial_rivers_micro_a,
          chequers_serial_rivers_small_a, portal_sewer_entry_e,
          hangedman_glass_teeth, uniq_edmund
D:6:      mumra_celtic_spiral_tile, layout_basic, nicolae_ossuary_entry_ruins
D:7:      nzn_winding_woodlands_three_and_one
          [nzn_winding_woodlands_5x15_concentric,
          nzn_winding_woodlands_5x15_sidewinder,
          nzn_winding_woodlands_5x15_cabin, nzn_winding_woodlands_center_lodge],
          layout_rooms
D:8:      layout_loops_ring, uniq_erica
D:9:      layout_rooms, nemelex_xobeh_ov_fountains_minmay, david_orc_2,
          gammafunk_ghost_smash, mrwooster_statue_mirror, uniq_psyche
D:10:     layout_grid_maze, mainiacjoe_overflow_alcove_1,
          erik_lair_orcish_takeover, serial_shops, nicolae_take_the_stairs,
          st_stairs_14, hangedman_decor_diamond_cutter, roderic_lattice_a

Skill      XL: |  1  2  3  4  5  6  7  8  9 10 |
---------------+-------------------------------+-----
Long Blades    | 3 |  3.4
Polearms       | 1 2 3 5 |  5.0
Spellcasting   | 2 3 4 |  4.0
Fire Magic     | 3 4 |  4.0
Axes           | 2 6 8 10 | 10.3
Evocations     | 4 5 |  5.0
Shields        | 5 |  5.0
Fighting       | |  3.0

Action                     |  1- 3 |  4- 6 |  7- 9 | 10-12 || total
---------------------------+-------+-------+-------+-------++-------
  Melee: Falchion          |   104 |       |       |       ||   104
         Punch             |     1 |     1 |     1 |       ||     3
         Spear             |    28 |    99 |       |       ||   127
         Hand axe          |       |     6 |   269 |   185 ||   460
   Cast: Scorch            |       |    10 |    20 |     1 ||    31
 Invoke: Fiery Armour      |     1 |       |     2 |     1 ||     4
         Foxfire Swarm     |       |       |       |     3 ||     3
  Evoke: Wand              |       |       |       |    12 ||    12
    Use: Scroll            |     3 |     1 |     5 |     2 ||    11
   Stab: Sleeping          |     1 |     1 |       |       ||     2
         Paralysed         |       |       |       |    11 ||    11
 Armour: Robe              |    36 |    27 |     5 |       ||    68
         Ring mail         |       |       |   106 |    80 ||   186
  Dodge: Dodged            |    85 |    70 |   151 |    93 ||   399
  Block: Buckler           |       |       |       |    35 ||    35

Table legend: (Time is in decaauts)
 A = Elapsed time spent in this place.
 B = Non-inter-level travel time spent in this place.
 C = Inter-level travel time spent in this place.
 D = Time resting spent in this place.
 E = Time spent auto-exploring this place.
 F = Levels seen in this place.
 G = Mean time per level.
                   A        B        C        D        E       F      G
               +--------+--------+--------+--------+--------+-----+--------+
         Total |  10201 |   9260 |    941 |    567 |   6427 |  12 |  850.1 |
       Dungeon |   9654 |   8713 |    941 |    567 |   6174 |  10 |  965.4 |
         Sewer |    347 |    347 |      0 |      0 |    206 |   1 |  347.0 |
       Ossuary |    199 |    199 |      0 |      0 |     47 |   1 |  199.0 |
               +--------+--------+--------+--------+--------+-----+--------+

Top non-repeatable levels by time:
     D:4: 1210 daAuts
     D:6: 1087 daAuts
     D:7: 1068 daAuts
     D:3: 1065 daAuts
     D:8: 1061 daAuts
     D:5: 1050 daAuts
     D:2: 988 daAuts
     D:1: 883 daAuts
     D:9: 763 daAuts
    D:10: 475 daAuts
   Sewer: 347 daAuts
 Ossuary: 199 daAuts
